 Dungeon Crawl Stone Soup version 0.30-a0-122-g2a1322497e (webtiles) character file.

Game seed: 14332674494446735034

2 omnomnOMINOUS the Charlatan (level 1, 0/13 HPs)
             Began as an Octopode Wanderer on Sept 16, 2022.
             Slain by a rat (1 damage)
             ... on level 1 of the Dungeon.
             The game lasted 00:00:55 (449 turns).

omnomnOMINOUS the Charlatan (Octopode Wanderer)      Turns: 449, Time: 00:00:55

Health: 0/13       AC:  1    Str: 16    XL:     1   Next: 40%
Magic:  2/2        EV: 12    Int: 11    God:
Gold:   21         SH:  0    Dex:  9    Spells: 1/2 levels left

rFire   . . .      SeeInvis .    a - +0 short sword
rCold   . . .      Faith    .    (no shield)
rNeg    . . .      Spirit   .    (helmet restricted)
rPois   .          Reflect  .    (no amulet)
rElec   .          Harm     .    (no ring)
rCorr   .          Rampage  .    (no ring)
Will    .....                    (no ring)
Stlth   ++........               (no ring)
HPRegen 0.04/turn                (no ring)
MPRegen 0.08/turn                (no ring)
                                 (no ring)
                                 (no ring)

@: attractive
A: almost no armour, amphibious, 8 rings, camouflage 1, gelatinous body 1,
(nimble swimmer 1), tentacles
a: no special abilities


You were on level 1 of the Dungeon.
You visited 1 branch of the dungeon, and saw 1 of its levels.

You collected 21 gold pieces.

Inventory:

Hand Weapons
 a - a +0 short sword (weapon)
Missiles
 b - 11 poisoned darts (quivered)
Scrolls
 d - a scroll of blinking
 e - a scroll of immolation {unknown}
 f - a scroll of enchant armour {unknown}
Potions
 g - a potion of attraction
Miscellaneous
 c - a condenser vane


   Skills:
 + Level 1.1 Fighting
 - Level 1.0 Throwing
 + Level 0.2 Dodging
 + Level 1.1 Spellcasting
 - Level 3.0 Translocations
 - Level 4.3 Evocations


You had one spell level left.
You knew the following spells:

 Your Spells              Type           Power      Damage    Failure   Level
a - Apportation           Tloc           14%        N/A       10%         1

Your spell library contained the following spells:

 Spells                   Type           Power      Damage    Failure   Level
 Gell's Gravitas          Tloc           7%         N/A       28%         3


Dungeon Overview and Level Annotations

Branches:
Dungeon (1/15)

Altars:


Innate Abilities, Weirdness & Mutations

You cannot wear most types of armour.
You are amphibious.
You can wear up to eight rings at the same time.
Your skin changes colour to match your surroundings (Stealth+).
Your rubbery body absorbs attacks. (AC +1, EV +1)
((You are camouflaged when in or above water. (Stealth+)))
You have tentacles for arms and can constrict up to eight enemies at once.


Message History

Your squeeze misses the quokka.
The quokka is moderately wounded.
The quokka bites you.
You miss the quokka. Your grab misses the quokka.
The quokka is moderately wounded.
The quokka bites you.
You are too injured to fight recklessly!
You are too injured to fight recklessly!
You are too injured to fight recklessly!
You are too injured to fight recklessly!
You are too injured to fight recklessly!
You are too injured to fight recklessly!
You are too injured to fight recklessly!
You are too injured to fight recklessly!
You are too injured to fight recklessly!
You are too injured to fight recklessly!
You are too injured to fight recklessly!
You are too injured to fight recklessly!
You are too injured to fight recklessly!
You are too injured to fight recklessly!
You are too injured to fight recklessly!
You are too injured to fight recklessly!
You are too injured to fight recklessly!
You are too injured to fight recklessly!
Unknown command.
You closely miss the quokka. Your grab misses the quokka.
Your squeeze misses the quokka.
The quokka is moderately wounded.
The quokka closely misses you. The rat bites you.
* * * LOW HITPOINT WARNING * * *
You barely miss the quokka. Your grab misses the quokka.
Your squeeze misses the quokka.
The quokka is moderately wounded.
The quokka misses you. The rat bites you.
* * * LOW HITPOINT WARNING * * *
The quokka barely misses you.
It was a potion of attraction.
You feel attractive to monsters. The rat bites you.
You die...

.#
.#########
).......#
#.......#
#.......#
####.......#
......rr...#
#####..@...#
...........#
.######'####
#.....#
#.....#
#.....#
#####.# #.##
#..###


You could see a quokka and a rat.

Vanquished Creatures
  2 endoplasms (D:1)
2 creatures vanquished.

Notes
Turn   | Place    | Note
-------+----------+-------------------------------------------
     0 | D:1      | omnomnOMINOUS the Octopode Wanderer began the quest for the
                  | Orb.
     0 | D:1      | omnomnOMINOUS set off with the following items: a +0
                  | dagger, 11 poisoned darts, a condenser vane, a scroll of
                  | blinking; and the following spell memorised: Apportation;
                  | and the following spells available to memorise: Gell's
                  | Gravitas.
     0 | D:1      | Reached XP level 1. HP: 13/13 MP: 2/2
   449 | D:1      | Slain by a rat

Illustrated notes

Levels and vault maps discovered:
D:1:      co_arrival_square_in_a_square_in_a_square, layout_basic,
          nicolae_ecumenical_lake_church

Action                   || total
-------------------------++-------
Melee: Dagger            ||    11
       Short sword       ||     6
       Tentacles         ||     1
  Use: Potion            ||     1
 Stab: Sleeping          ||     1
Dodge: Dodged            ||     6

Table legend: (Time is in decaauts)
 A = Elapsed time spent in this place.
 B = Non-inter-level travel time spent in this place.
 C = Inter-level travel time spent in this place.
 D = Time resting spent in this place.
 E = Time spent auto-exploring this place.
 F = Levels seen in this place.
 G = Mean time per level.
                   A        B        C        D        E       F      G
               +--------+--------+--------+--------+--------+-----+--------+
         Total |    448 |    448 |      0 |    242 |    163 |   1 |  448.0 |
       Dungeon |    448 |    448 |      0 |    242 |    163 |   1 |  448.0 |
               +--------+--------+--------+--------+--------+-----+--------+

Top non-repeatable levels by time:
     D:1: 448 daAuts
